 Dungeon Crawl Stone Soup version 0.31.0-11-ge490571c62 (webtiles) character file.

Game seed: 9145191888453790778

29 protoss039 the Digger (level 3, 26/26 HPs)
             Began as a Demonspawn Earth Elementalist on Jan 31, 2024.
             Got out of the dungeon alive.
             The game lasted 00:01:21 (816 turns).

protoss039 the Digger (DsEE)                         Turns: 816, Time: 00:01:21

Health: 26/26      AC:  2    Str:  8    XL:     3   Next: 1%
Magic:  6/6        EV: 12    Int: 17    God:
Gold:   64         SH:  0    Dex: 13    Spells: 5/6 levels left

rFire   + . .        e - +0 club
rCold   x . .        (no shield)
rNeg    . . .        a - +0 robe
rPois   .            (no helmet)
rElec   .            (no cloak)
rCorr   .            (no gloves)
SInv    .            (no boots)
Will    .....        (no amulet)
Stlth   ++           f - ring of fire
HPRegen 0.24/turn    (no ring)
MPRegen 0.10/turn

%: no passive effects
@: no status effects
A: spiny 1
a: no special abilities


You escaped.
You visited 1 branch of the dungeon, and saw 1 of its levels.

You collected 64 gold pieces.

Inventory:

Hand Weapons
 e - a +0 club (weapon)
Armour
 a - a +0 robe (worn)
Jewellery
 f - a ring of fire (left hand)
Scrolls
 d - 2 scrolls of revelation {unknown}
Potions
 b - a potion of magic
 c - a potion of brilliance {unknown}


   Skills:
 + Level 1.4 Fighting
 - Level 1.7 Dodging
 - Level 1.7 Stealth
 + Level 2.4 Spellcasting
 - Level 1.0 Conjurations
 + Level 3.1 Earth Magic


You had 5 spell levels left.
You knew the following spells:

 Your Spells              Type           Power      Damage    Failure   Level
a - Sandblast             Erth           24%        2d8       5%          1

Your spell library contained the following spells:

 Spells                   Type           Power      Damage    Failure   Level
 Passwall                 Erth           12%        N/A       16%         3
 Stone Arrow              Conj/Erth      18%        3d8       24%         3
 Brom's Barrelling Bould  Conj/Erth      9%         2d3       61%         4
 Petrify                  Alch/Erth      7%         N/A       67%         4


Dungeon Overview and Level Annotations

Branches:
Dungeon (1/15) Zot: 5169

Altars:


Innate Abilities, Weirdness & Mutations

You are partially covered in sharp spines.


Message History

As you open the door, it creaks loudly!
Found 7 gold pieces.
No target in view!
There is an open door here.
You now have 64 gold pieces (gained 7).
There is an open door here.
Found a stone staircase leading down.
No target in view!
Found a sling.
No target in view!
A goblin comes into view. It is wielding a +0 dagger.
A hobgoblin comes into view.
The goblin shouts!
There are monsters nearby!
There are monsters nearby!
You closely miss the goblin. The goblin is struck by your spines.
The goblin hits you with a +0 dagger.
There are monsters nearby!
There are monsters nearby!
The hobgoblin shouts!
You hit the goblin.
You kill the goblin!
A hobgoblin is nearby!
A hobgoblin is nearby!
You barely miss the hobgoblin. The hobgoblin is struck by your spines.
The hobgoblin hits you. x2
A hobgoblin is nearby!
You hit the hobgoblin.
The hobgoblin is severely wounded.
The hobgoblin is struck by your spines.
You kill the hobgoblin!
You have reached level 3!
Your experience leads to an increase in your attributes!
Increase (S)trength, (I)ntelligence, or (D)exterity?
You feel clever. x2
You see here a +0 dagger.
There is an open door here.
There is an open door here.
There is a staircase leading out of the dungeon here.
You have escaped!

###########
##.........##
#..♣..@..♣..#
#.........##
#####'##### #####
#####...######...##
..................#
......⌠........⌠..#
...................#
######...######...##
# ##>## ##'##


There were no monsters in sight!

Vanquished Creatures
  A dart slug (D:1)
  3 giant cockroaches (D:1)
  2 goblins (D:1)
  4 hobgoblins (D:1)
  2 ball pythons (D:1)
  3 bats (D:1)
  A kobold (D:1)
  12 rats (D:1)
28 creatures vanquished.

Notes
Turn   | Place    | Note
-------+----------+-------------------------------------------
     0 | D:1      | protoss039 the Demonspawn Earth Elementalist began the
                  | quest for the Orb.
     0 | D:1      | Reached XP level 1. HP: 13/13 MP: 3/3
   167 | D:1      | Gained mutation: You are partially covered in sharp spines.
                  | [demonic ancestry]
   167 | D:1      | Reached XP level 2. HP: 20/20 MP: 3/5
   348 | D:1      | Reached skill level 1 in Fighting
   413 | D:1      | Reached skill level 3 in Earth Magic
   756 | D:1      | Reached XP level 3. HP: 17/26 MP: 6/6
   816 | D:$      | Got out of the dungeon alive.

Illustrated notes

Levels and vault maps discovered:
D:1:      minmay_arrival_split_and_join, layout_loops_cross,
          grunt_decor_one_mirror, nicolae_kite_square_tiling_tiny,
          minmay_splitting_lines, minmay_rat_gold_closets

Skill      XL: |  1  2 |
---------------+-------+-----
Fighting       | 1 |  1.4
Earth Magic    | 3 |  3.1
Dodging        | |  1.7
Stealth        | |  1.7
Spellcasting   | |  2.4
Conjurations   | |  1.0

Action                     || total
---------------------------++-------
  Melee: Unarmed           ||    14
         Club              ||    15
   Cast: Sandblast         ||    22
   Stab: Sleeping          ||     5
 Armour: Robe              ||    21
  Dodge: Dodged            ||    18
